TOP OF THE 1ST |
Fort Myers Palms batting - Pitching for Pompano Beach Stingrays : RHP Julian Gonzalez
|
Pitching: RHP Julian Gonzalez
|
|
Batting: RHB Stanley Baker
|
0-0: Called Strike 0-1: Ball 1-1: Ball 2-1: Foul Ball, location: 2F 2-2: Foul Ball, location: 2F 2-2: Ball 3-2: Base on Balls
|
Batting: RHB Johnny Evans
|
0-0: Called Strike 0-1: Ball 1-1: Ball 2-1: Foul Ball, location: 2F 2-2: Foul Ball, location: 2F 2-2: Foul Ball, location: 2F 2-2: Foul Ball, location: 2F 2-2: Strikes out swinging
|
Batting: LHB James Atkinson
|
0-0: Ball 1-0: Called Strike 1-1: Called Strike 1-2: Ball 2-2: Fly out, F7 (Flyball, 7S, EV 86.3 MPH)
|
Batting: LHB Arthur Carlisi
|
0-0: Called Strike 0-1: Ball 1-1: Swinging Strike 1-2: Foul Ball, location: 2F 1-2: Foul Ball, location: 2F 1-2: Foul Ball, location: 2F 1-2: Foul Ball, location: 2F 1-2: Foul Ball, location: 2F 1-2: Fly out, F6 (Line Drive, 6, EV 70.0 MPH)
|
Top of the 1st over - 0 runs, 0 hits, 0 errors, 1 left on base; Fort Myers 0 - Pompano Beach 0 |
BOTTOM OF THE 1ST |
Pompano Beach Stingrays batting - Pitching for Fort Myers Palms : RHP Todd Worrell
|
Pitching: RHP Todd Worrell
|
|
Batting: RHB Jorge Villalobos
|
0-0: Fly out, F8 (Flyball, 78M, EV 80.6 MPH)
|
Batting: SHB Gene Roof
|
0-0: DOUBLE (Line Drive, 7LM, EV 105.0 MPH)
|
Batting: LHB Arnold McCrary
|
0-0: Called Strike 0-1: Ball 1-1: Ball 2-1: Foul Ball, location: 2F 2-2: Fly out, F7 (Flyball, 7LM, EV 86.9 MPH)
|
Batting: RHB Mark Strucher
|
0-0: Reached via error on a dropped throw from 2B, E3 (Groundball, 4, EV 81.9 MPH) Gene Roof to third
|
Batting: SHB Juan Molina
|
0-0: Ball 1-0: Fielders Choice at 2nd, 5-4 (Groundball, 5, EV 100.0 MPH)
|
Bottom of the 1st over - 0 runs, 1 hit, 1 error, 2 left on base; Fort Myers 0 - Pompano Beach 0 |
TOP OF THE 2ND |
Fort Myers Palms batting - Pitching for Pompano Beach Stingrays : RHP Julian Gonzalez
|
Batting: RHB Lindon Duncan
|
0-0: Ball 1-0: Foul Ball, location: 2F 1-1: Foul Ball, location: 2F 1-2: Strikes out swinging
|
Batting: RHB Matt Sinatro
|
0-0: Ball 1-0: Ball 2-0: Foul Ball, location: 2F 2-1: SINGLE (Groundball, 5S, EV 65.6 MPH) (infield hit)
|
Batting: RHB Carl Nichols
|
0-0: TRIPLE (Line Drive, 78XD, EV 99.4 MPH) Matt Sinatro scores
|
Batting: RHB Jay Greb
|
0-0: Called Strike 0-1: Ground out 5-3 (Groundball, 56, EV 91.3 MPH) Carl Nichols scores
|
Batting: SHB Porter Wyatt
|
0-0: Fly out, F8 (Flyball, 8LM, EV 93.1 MPH)
|
Top of the 2nd over - 2 runs, 2 hits, 0 errors, 0 left on base; Fort Myers 2 - Pompano Beach 0 |
BOTTOM OF THE 2ND |
Pompano Beach Stingrays batting - Pitching for Fort Myers Palms : RHP Todd Worrell
|
Batting: LHB Steve Phillips
|
0-0: Foul Ball, location: 2F 0-1: Ball 1-1: Ball 2-1: Foul Ball, location: 2F 2-2: SINGLE (Line Drive, 7S, EV 89.4 MPH)
|
Batting: SHB Maury Ornest
|
0-0: Fly out, F8 (Flyball, 89XD, EV 106.9 MPH)
|
Batting: RHB William Waag
|
0-0: Ball 1-0: Foul Ball, location: 2F 1-1: Ball 2-1: Ball 3-1: Base on Balls Steve Phillips to second
|
Batting: RHB Jimmy Thomas
|
0-0: Called Strike 0-1: Foul Ball, location: 2F 0-2: Ball 1-2: Ball 2-2: SINGLE (Groundball, 4MS, EV 69.4 MPH) (infield hit) Steve Phillips to third William Waag to second
|
Batting: RHB Jorge Villalobos
|
0-0: Ball 1-0: Ball 2-0: Ball 3-0: Base on Balls Steve Phillips scores William Waag to third Jimmy Thomas to second
|
Batting: SHB Gene Roof
|
0-0: Called Strike 0-1: Foul Ball, location: 2F 0-2: Ball Wild Pitch! William Waag scores Jimmy Thomas to third Jorge Villalobos to second 1-2: DOUBLE (Line Drive, 89M, EV 96.3 MPH) Jimmy Thomas scores Jorge Villalobos scores
|
Batting: LHB Arnold McCrary
|
0-0: Foul Ball, location: 2F 0-1: Called Strike 0-2: Foul Ball, location: 2F 0-2: Strikes out swinging
|
Batting: RHB Mark Strucher
|
0-0: Swinging Strike 0-1: Called Strike 0-2: Ball 1-2: Foul Ball, location: 2F 1-2: Foul Ball, location: 2F 1-2: Ball 2-2: Ground out 5-3 (Groundball, 56S, EV 65.6 MPH)
|
Bottom of the 2nd over - 4 runs, 3 hits, 0 errors, 1 left on base; Fort Myers 2 - Pompano Beach 4 |
TOP OF THE 3RD |
Fort Myers Palms batting - Pitching for Pompano Beach Stingrays : RHP Julian Gonzalez
|
Batting: RHB Stanley Baker
|
0-0: Swinging Strike 0-1: Ground out 6-3 (Groundball, 6, EV 88.8 MPH)
|
Batting: RHB Johnny Evans
|
0-0: Called Strike 0-1: Swinging Strike 0-2: Ball 1-2: Strikes out looking
|
Batting: LHB James Atkinson
|
0-0: Called Strike 0-1: Ball 1-1: Foul Ball, location: 2F 1-2: Fly out, F8 (Flyball, 8LXD, EV 102.5 MPH)
|
Top of the 3rd over - 0 runs, 0 hits, 0 errors, 0 left on base; Fort Myers 2 - Pompano Beach 4 |
BOTTOM OF THE 3RD |
Pompano Beach Stingrays batting - Pitching for Fort Myers Palms : RHP Todd Worrell
|
Batting: SHB Juan Molina
|
0-0: Ball 1-0: Ball 2-0: Called Strike 2-1: Foul Ball, location: 2F 2-2: Fly out, F6 (Flyball, 56D, EV 95.6 MPH)
|
Batting: LHB Steve Phillips
|
0-0: Ball 1-0: Ball 2-0: Foul Ball, location: 2F 2-1: Ground out 3-1 (Groundball, 34, EV 82.5 MPH)
|
Batting: SHB Maury Ornest
|
0-0: Ball 1-0: Called Strike 1-1: Swinging Strike 1-2: SINGLE (Line Drive, 9S, EV 91.9 MPH)
|
Batting: RHB William Waag
|
0-0: Called Strike 0-1: Ball 1-1: Ball Maury Ornest is caught stealing 2nd base 2-4
|
Bottom of the 3rd over - 0 runs, 1 hit, 0 errors, 0 left on base; Fort Myers 2 - Pompano Beach 4 |
TOP OF THE 4TH |
Fort Myers Palms batting - Pitching for Pompano Beach Stingrays : RHP Julian Gonzalez
|
Batting: LHB Arthur Carlisi
|
0-0: Called Strike 0-1: Foul Ball, location: 2F 0-2: Strikes out swinging
|
Batting: RHB Lindon Duncan
|
0-0: Ball 1-0: Fly out, F9 (Flyball, 89S, EV 78.8 MPH)
|
Batting: RHB Matt Sinatro
|
0-0: Called Strike 0-1: Foul Ball, location: 2F 0-2: Ball 1-2: Foul Ball, location: 2F 1-2: Ball 2-2: Reached on error, E5 (Groundball, 56, EV 84.4 MPH)
|
Batting: RHB Carl Nichols
|
0-0: Ball 1-0: Ball 2-0: Fly out, F9 (Flyball, 9S, EV 80.0 MPH)
|
Top of the 4th over - 0 runs, 0 hits, 1 error, 1 left on base; Fort Myers 2 - Pompano Beach 4 |
BOTTOM OF THE 4TH |
Pompano Beach Stingrays batting - Pitching for Fort Myers Palms : RHP Todd Worrell
|
Batting: RHB William Waag
|
0-0: Ball 1-0: Foul Ball, location: 2F 1-1: Ground out 6-3 (Groundball, 6, EV 102.5 MPH)
|
Batting: RHB Jimmy Thomas
|
0-0: Called Strike 0-1: Ball 1-1: Swinging Strike 1-2: Reached on error, E5 (Groundball, 56S, EV 68.1 MPH)
|
Batting: RHB Jorge Villalobos
|
0-0: Ball 1-0: Foul Ball, location: 2F 1-1: Foul Ball, location: 2F 1-2: SINGLE (Groundball, 56, EV 96.9 MPH) (infield hit) Jimmy Thomas to second
|
Batting: SHB Gene Roof
|
0-0: Ball 1-0: Grounds into double play, 4-6-3 (Groundball, 4D, EV 101.3 MPH)
|
Bottom of the 4th over - 0 runs, 1 hit, 1 error, 1 left on base; Fort Myers 2 - Pompano Beach 4 |
TOP OF THE 5TH |
Fort Myers Palms batting - Pitching for Pompano Beach Stingrays : RHP Julian Gonzalez
|
Batting: RHB Jay Greb
|
0-0: Ball 1-0: Swinging Strike 1-1: Foul Ball, location: 2F 1-2: Strikes out looking
|
Batting: SHB Porter Wyatt
|
0-0: Called Strike 0-1: Swinging Strike 0-2: Foul Ball, location: 2F 0-2: Strikes out swinging, 2-3 out at first.
|
Batting: RHB Stanley Baker
|
0-0: Called Strike 0-1: Ball 1-1: Fly out, F5 (Flyball, 5D, EV 87.5 MPH)
|
Top of the 5th over - 0 runs, 0 hits, 0 errors, 0 left on base; Fort Myers 2 - Pompano Beach 4 |
BOTTOM OF THE 5TH |
Pompano Beach Stingrays batting - Pitching for Fort Myers Palms : RHP Todd Worrell
|
Batting: LHB Arnold McCrary
|
0-0: Fly out, F8 (Flyball, 78D, EV 96.3 MPH)
|
Batting: RHB Mark Strucher
|
0-0: Fly out, F6 (Flyball, 6D, EV 84.4 MPH)
|
Batting: SHB Juan Molina
|
0-0: Ground out 5-3 (Groundball, 56, EV 105.0 MPH)
|
Bottom of the 5th over - 0 runs, 0 hits, 0 errors, 0 left on base; Fort Myers 2 - Pompano Beach 4 |
TOP OF THE 6TH |
Fort Myers Palms batting - Pitching for Pompano Beach Stingrays : RHP Julian Gonzalez
|
Batting: RHB Johnny Evans
|
0-0: Ball 1-0: Called Strike 1-1: Ground out 4-3 (Groundball, 4, EV 91.9 MPH)
|
Batting: LHB James Atkinson
|
0-0: Called Strike 0-1: Ball 1-1: Foul Ball, location: 2F 1-2: Fly out, F4 (Flyball, 34D, EV 88.1 MPH)
|
Batting: LHB Arthur Carlisi
|
0-0: Foul Ball, location: 2F 0-1: Ball 1-1: Foul Ball, location: 2F 1-2: Ball 2-2: Foul Ball, location: 2F 2-2: Foul Ball, location: 2F 2-2: Ball 3-2: Fly out, F8 (Line Drive, 8RM, EV 86.3 MPH)
|
Top of the 6th over - 0 runs, 0 hits, 0 errors, 0 left on base; Fort Myers 2 - Pompano Beach 4 |
BOTTOM OF THE 6TH |
Pompano Beach Stingrays batting - Pitching for Fort Myers Palms : RHP Todd Worrell
|
Batting: LHB Steve Phillips
|
0-0: Ground out 3-1 (Groundball, 34S, EV 86.3 MPH)
|
Batting: SHB Maury Ornest
|
0-0: Ball 1-0: Foul Ball, location: 2F 1-1: Ball 2-1: Swinging Strike 2-2: Fly out, F6 (Popup, 6S, EV 85.6 MPH)
|
Batting: RHB William Waag
|
0-0: Called Strike 0-1: Called Strike 0-2: Ball 1-2: Reached on error, E3 (Groundball, 3, EV 84.4 MPH)
|
Batting: RHB Jimmy Thomas
|
0-0: Called Strike 0-1: Ball 1-1: Swinging Strike 1-2: Ball 2-2: Ball 3-2: Foul Ball, location: 2F 3-2: Foul Ball, location: 2F 3-2: Base on Balls William Waag to second
|
Batting: RHB Jorge Villalobos
|
0-0: Ball 1-0: Ball 2-0: Called Strike 2-1: Fly out, F6 (Line Drive, 6, EV 63.1 MPH)
|
Bottom of the 6th over - 0 runs, 0 hits, 1 error, 2 left on base; Fort Myers 2 - Pompano Beach 4 |
TOP OF THE 7TH |
Fort Myers Palms batting - Pitching for Pompano Beach Stingrays : RHP Julian Gonzalez
|
Batting: RHB Lindon Duncan
|
0-0: Ball 1-0: Called Strike 1-1: Ball 2-1: Foul Ball, location: 2F 2-2: Ball 3-2: Base on Balls
|
Batting: RHB Matt Sinatro
|
0-0: Ball 1-0: Ball 2-0: Reached on error, E9 (Flyball, 9S, EV 80.6 MPH) Lindon Duncan to second
|
Pinch Hitting: LHB Gus Burgess
|
0-0: Ball 1-0: Foul Ball, location: 2F 1-1: Foul Ball, location: 2F 1-2: Fly out, F2 (Popup, 2L, EV 94.4 MPH)
|
Pinch Hitting: LHB Edgar Quintanilla
|
0-0: Ball Lindon Duncan steals 3rd base Matt Sinatro to second 1-0: Ground out 5-3 (Groundball, 56, EV 81.9 MPH) Lindon Duncan scores
|
Batting: SHB Porter Wyatt
|
0-0: Ball 1-0: Ball 2-0: Foul Ball, location: 2F 2-1: Foul Ball, location: 2F 2-2: Strikes out swinging
|
Top of the 7th over - 1 run, 0 hits, 1 error, 1 left on base; Fort Myers 3 - Pompano Beach 4 |
BOTTOM OF THE 7TH |
Pompano Beach Stingrays batting - Pitching for Fort Myers Palms : RHP Todd Worrell
|
Now at 2B: Tim Brown
|
|
Now at 3B: Paul Fryer
|
|
Batting: SHB Gene Roof
|
0-0: Called Strike 0-1: Ball 1-1: Foul Ball, location: 2F 1-2: Foul Ball, location: 2F 1-2: Foul Ball, location: 2F 1-2: Ball 2-2: Fly out, F7 (Flyball, 7LS, EV 80.0 MPH)
|
Batting: LHB Arnold McCrary
|
0-0: Called Strike 0-1: Ball 1-1: Ball 2-1: Ball 3-1: Called Strike 3-2: Foul Ball, location: 2F 3-2: Fly out, F7 (Flyball, 7, EV 93.1 MPH)
|
Batting: RHB Mark Strucher
|
0-0: Ball 1-0: Ball 2-0: Ball 3-0: Called Strike 3-1: Base on Balls
|
Batting: SHB Juan Molina
|
0-0: Swinging Strike 0-1: Foul Ball, location: 2F 0-2: Ball 1-2: Ball 2-2: Ball 3-2: Foul Ball, location: 2F 3-2: Strikes out swinging
|
Bottom of the 7th over - 0 runs, 0 hits, 0 errors, 1 left on base; Fort Myers 3 - Pompano Beach 4 |
TOP OF THE 8TH |
Fort Myers Palms batting - Pitching for Pompano Beach Stingrays : RHP Julian Gonzalez
|
Batting: RHB Stanley Baker
|
0-0: Ball 1-0: Foul Ball, location: 2F 1-1: Ball 2-1: Ball 3-1: Foul Ball, location: 2F 3-2: SINGLE (Groundball, 6MS, EV 81.3 MPH) (infield hit)
|
Batting: RHB Johnny Evans
|
0-0: Swinging Strike 0-1: SINGLE (Line Drive, 8LS, EV 104.4 MPH) Stanley Baker to second
|
Batting: LHB James Atkinson
|
0-0: Called Strike 0-1: SINGLE (Line Drive, 8RS, EV 110.6 MPH) Stanley Baker to third Johnny Evans to second Runner from 3rd tries for Home, SAFE, throw by CF to home
|
Batting: LHB Arthur Carlisi
|
0-0: Swinging Strike 0-1: Swinging Strike 0-2: Foul Ball, location: 2F 0-2: Ball 1-2: Foul Ball, location: 2F 1-2: Ball 2-2: Ball 3-2: Grounds out, U3 (Groundball, 3L, EV 84.4 MPH) Johnny Evans to third
|
Batting: RHB Lindon Duncan
|
0-0: Ball 1-0: Ball 2-0: Foul Ball, location: 2F 2-1: Swinging Strike 2-2: Ball 3-2: Strikes out swinging
|
Batting: RHB Matt Sinatro
|
0-0: Foul Ball, location: 2F 0-1: Ball 1-1: Ground out U3 (Groundball, 3, EV 88.8 MPH)
|
Top of the 8th over - 1 run, 3 hits, 0 errors, 2 left on base; Fort Myers 4 - Pompano Beach 4 |
BOTTOM OF THE 8TH |
Pompano Beach Stingrays batting - Pitching for Fort Myers Palms : RHP Todd Worrell
|
Batting: LHB Steve Phillips
|
0-0: Fly out, F3 (Line Drive, 3, EV 65.0 MPH)
|
Batting: SHB Maury Ornest
|
0-0: Ball 1-0: Fly out, F6 (Popup, 6M, EV 76.9 MPH)
|
Batting: RHB William Waag
|
0-0: Called Strike 0-1: Ball 1-1: Swinging Strike 1-2: Fly out, F7 (Flyball, 7, EV 90.0 MPH)
|
Bottom of the 8th over - 0 runs, 0 hits, 0 errors, 0 left on base; Fort Myers 4 - Pompano Beach 4 |
TOP OF THE 9TH |
Fort Myers Palms batting - Pitching for Pompano Beach Stingrays : RHP Julian Gonzalez
|
Pitching: RHP Don Kainer
|
|
Batting: RHB Tim Brown
|
0-0: Ball 1-0: Ball 2-0: Fly out, F9 (Flyball, 9S, EV 95.6 MPH)
|
Pinch Hitting: RHB David Sullivan
|
0-0: Foul Ball, location: 2F 0-1: Foul Ball, location: 2F 0-2: Ground out 6-3 (Groundball, 6, EV 76.9 MPH)
|
Batting: SHB Porter Wyatt
|
0-0: Called Strike 0-1: Ground out U3 (Groundball, 3L, EV 94.4 MPH)
|
Top of the 9th over - 0 runs, 0 hits, 0 errors, 0 left on base; Fort Myers 4 - Pompano Beach 4 |
BOTTOM OF THE 9TH |
Pompano Beach Stingrays batting - Pitching for Fort Myers Palms : RHP Todd Worrell
|
Now at 3B: Jim Bishop
|
|
Batting: RHB Jimmy Thomas
|
0-0: Called Strike 0-1: Ball 1-1: Foul Ball, location: 2F 1-2: Foul Ball, location: 2F 1-2: Foul Ball, location: 2F 1-2: Ground out 4-3 (Groundball, 34, EV 81.3 MPH)
|
Batting: RHB Jorge Villalobos
|
0-0: Called Strike 0-1: Foul Ball, location: 3F, Error on foul ball, E3 0-2: Foul Ball, location: 2F 0-2: Ball 1-2: Foul Ball, location: 2F 1-2: Ball 2-2: Foul Ball, location: 2F 2-2: Fly out, F8 (Flyball, 8RM, EV 93.1 MPH)
|
Batting: SHB Gene Roof
|
0-0: Foul Ball, location: 2F 0-1: Ball 1-1: Foul Ball, location: 2F 1-2: Foul Ball, location: 2F 1-2: Strikes out looking
|
Bottom of the 9th over - 0 runs, 0 hits, 1 error, 0 left on base; Fort Myers 4 - Pompano Beach 4 |
TOP OF THE 10TH |
Fort Myers Palms batting - Pitching for Pompano Beach Stingrays : RHP Don Kainer
|
Batting: RHB Stanley Baker
|
0-0: Ball 1-0: Foul Ball, location: 2F 1-1: SINGLE (Line Drive, 7S, EV 92.5 MPH)
|
Batting: RHB Johnny Evans
|
0-0: Ball 1-0: Grounds into double play, 6-4-3 (Groundball, 6, EV 80.0 MPH)
|
Batting: LHB James Atkinson
|
0-0: Ball 1-0: Called Strike 1-1: Swinging Strike 1-2: Strikes out swinging
|
Top of the 10th over - 0 runs, 1 hit, 0 errors, 0 left on base; Fort Myers 4 - Pompano Beach 4 |
BOTTOM OF THE 10TH |
Pompano Beach Stingrays batting - Pitching for Fort Myers Palms : RHP Todd Worrell
|
Pitching: RHP David Thornton
|
|
Batting: LHB Arnold McCrary
|
0-0: Called Strike 0-1: Ball 1-1: SINGLE (Groundball, 4MD, EV 96.9 MPH)
|
Batting: SHB Tom Barrett
|
0-0: Called Strike 0-1: Ball 1-1: Ball 2-1: Fly out, F7 (Line Drive, 7, EV 93.8 MPH)
|
Batting: SHB Juan Molina
|
0-0: Ball 1-0: Foul Ball, location: 2F 1-1: Ground out 5-3 (Groundball, 56S, EV 62.5 MPH) Arnold McCrary to second
|
Batting: LHB Steve Phillips
|
0-0: Called Strike 0-1: Fly out, F8 (Line Drive, 8LD, EV 91.9 MPH)
|
Bottom of the 10th over - 0 runs, 1 hit, 0 errors, 1 left on base; Fort Myers 4 - Pompano Beach 4 |
TOP OF THE 11TH |
Fort Myers Palms batting - Pitching for Pompano Beach Stingrays : RHP Don Kainer
|
Batting: LHB Arthur Carlisi
|
0-0: Ball 1-0: Foul Ball, location: 2F 1-1: Ball 2-1: Ball 3-1: Base on Balls
|
Batting: RHB Lindon Duncan
|
0-0: Ball 1-0: Foul Ball, location: 2F 1-1: Ball 2-1: Foul Ball, location: 2F 2-2: Strikes out swinging
|
Batting: RHB Matt Sinatro
|
0-0: Ball 1-0: Called Strike 1-1: Called Strike 1-2: Fly out, F8 (Line Drive, 8RD, EV 105.0 MPH)
|
Batting: RHB Tim Brown
|
0-0: Called Strike 0-1: Ball 1-1: Swinging Strike 1-2: Ball 2-2: Foul Ball, location: 2F 2-2: Foul Ball, location: 2F 2-2: Strikes out swinging
|
Top of the 11th over - 0 runs, 0 hits, 0 errors, 1 left on base; Fort Myers 4 - Pompano Beach 4 |
BOTTOM OF THE 11TH |
Pompano Beach Stingrays batting - Pitching for Fort Myers Palms : RHP David Thornton
|
Batting: SHB Maury Ornest
|
0-0: Called Strike 0-1: Ball 1-1: Ball 2-1: Ball 3-1: Base on Balls
|
Batting: RHB William Waag
|
0-0: Ball 1-0: Ball 2-0: Swinging Strike 2-1: Foul Ball, location: 2F 2-2: Foul Ball, location: 2F 2-2: Foul Ball, location: 2F 2-2: Ball 3-2: SINGLE (Line Drive, 7S, EV 103.1 MPH) Maury Ornest to second Maury Ornest to third
|
Batting: RHB Jimmy Thomas
|
0-0: Called Strike 0-1: Ball 1-1: Foul Ball, location: 2F 1-2: Ball 2-2: Ball 3-2: SINGLE (Groundball, 56, EV 101.9 MPH) Maury Ornest scores
|
Bottom of the 11th over - 1 run, 2 hits, 0 errors, 0 left on base; Fort Myers 4 - Pompano Beach 5 |
|